AoeStats
← chepex2001

Golden Pit

503294754Analyzed
1v1 RM · 10d ago on Aug 31, 2026· 17m 22s· 2 players
Game mode
Random Map
Map size
Tiny (2 player)
Population
200
Speed
Normal
Resources
Standard
Victory
Conquest
Starting age
Dark Age
Ending age
Imperial Age
RankedLock teamsTeams togetherTeam positionsShared explorationLock speedFull tech treeHidden civsTurbo modeCheats
Victory
Defeat
🇻🇪 Vietnamese · Venezuela
766
+14
728
-14
chepex2001
8:50 Loom
11:54 Feudal Age
12:47 Arson
13:04 Horse Collar
15:52 Double-Bit Axe
16:34 Fletching
沃德天威森莫拉莫帥
0:32 Loom
18:53 Feudal Age
Connection lost

Rejoining the realm…

Still unreachable

The connection could not be restored.

Session expired

The server has moved on; the page needs a fresh start.